 Dungeon Crawl Stone Soup version 0.31-a0-145-g046c7d2549 (webtiles) character file.

Game seed: 1847469548342835638

289 qw the Shooter (level 6, -2/56 HPs)
             Began as a Minotaur Hunter on June 7, 2023.
             Slain by a mummy (12 damage)
             ... in an ossuary.
             The game lasted 00:00:56 (2838 turns).

qw the Shooter (Minotaur Hunter)                    Turns: 2838, Time: 00:00:56

Health: -2/56      AC:  7    Str: 16    XL:     6   Next: 9%
Magic:  5/5        EV: 11    Int:  6    God:
Gold:   136        SH:  5    Dex: 15    Spells: 5/5 levels left

rFire   . . .        Y - +0 shortbow
rCold   . . .        (shield currently unavailable)
rNeg    . . .        f - +0 ring mail
rPois   +            (helmet restricted)
rElec   .            (no cloak)
rCorr   .            l - +1 pair of gloves
SInv    .            (no boots)
Will    .....        d - amulet of reflection
Stlth   +            h - ring of poison resistance
HPRegen 0.29/turn    (no ring)
MPRegen 0.09/turn

%: reflection
@: no status effects
A: horns 2, retaliatory headbutt
a: no special abilities


You were in an ossuary.
You visited 1 branch of the dungeon, and saw 4 of its levels.
You also visited: Sewer and Ossuary.

You collected 136 gold pieces.


Innate Abilities, Weirdness & Mutations

You have a pair of horns on your head.
You reflexively headbutt those who attack you in melee.


   Skills:
 - Level 5.1 Fighting
 + Level 6.8 Ranged Weapons
 - Level 1.2 Armour
 - Level 2.1 Dodging
 - Level 0.7 Stealth


You had 5 spell levels left.
You didn't know any spells.
Your spell library was empty.

Inventory:

Hand Weapons
 Y - a +0 shortbow (weapon)
Armour
 f - a +0 ring mail (worn)
 l - a +1 pair of gloves (worn)
 n - the +0 ring mail of Talas {Regen+ Str+3 Int-5}
   (You found it on level 2 of the Dungeon)

   Str:       It affects your strength (+3).
   Int:       It affects your intelligence (-5).
   Regen:     It increases your rate of health regeneration.
Jewellery
 d - an amulet of reflection (around neck)
 h - a ring of poison resistance (left hand)
Potions
 a - a potion of brilliance {unknown}
 c - a potion of cancellation {unknown}
 e - a potion of curing
 g - a potion of might
 i - a potion of degeneration
 j - a potion of mutation
 k - a potion of resistance {unknown}
 m - a potion of attraction {unknown}

Dungeon Overview and Level Annotations

Branches:
Dungeon (4/15)              Sewer (visited)         Ossuary (1/1)
 Temple: D:4-7

Altars:
Kikubaaqudgha

Annotations:
D:3 1 runed translucent door, Crazy Yiuf


Message History

The mummy hits you. The mummy closely misses you. You furiously retaliate!
You headbutt the mummy. You shoot an arrow. The arrow hits the mummy.
The mummy is moderately damaged.
The mummy closely misses you.
You shoot an arrow. The arrow barely misses the mummy.
The mummy hits you but does no damage. The mummy barely misses you.
You shoot an arrow. The arrow barely misses the mummy.
The mummy hits you but does no damage.
You shoot an arrow. The arrow hits the mummy.
The mummy is heavily damaged.
The mummy hits you!
2831 ||| DRINKING potion of heal wounds.
You feel much better. The mummy hits you.
You shoot an arrow. The arrow hits the mummy.
The mummy is heavily damaged.
The sentinel's mark upon you fades away.
You block the mummy's attack. x2
You shoot an arrow. The arrow closely misses the mummy.
The mummy closely misses you. You furiously retaliate!
You headbutt the mummy. The mummy barely misses you.
You shoot an arrow.
The arrow hits the mummy but does no damage.
The mummy is heavily damaged.
You shoot an arrow.
The arrow hits the mummy but does no damage.
The mummy is heavily damaged.
The mummy hits you! The mummy barely misses you.
You shoot an arrow. The arrow hits the mummy.
The mummy is severely damaged.
The mummy barely misses you. x2
You shoot an arrow.
The arrow hits the mummy but does no damage.
The mummy is severely damaged.
The mummy barely misses you.
You shoot an arrow. The arrow hits the mummy.
The mummy is almost destroyed.
The mummy hits you!
You die...

!.. #?.!# #.# #?!!#
#.# ##.## # ###'###
#.### +. ##.....##
##.'.# #..
##.......###..###
+..^#.........#...'.#
#.^.'.M..}....'...###
#M@.......#...'.#
##.^.....###..###
##.....## ##.'.#
###'### #.### #.# #^#
##.## .?? #.\.# ??!
#.\.# #### #####


You could see 2 mummies.

Vanquished Creatures
  Pargi (Sewer)
  A human zombie (Ossuary)
  Jessica (D:3)
  3 mummies
  6 adders
  A dart slug (D:4)
  A bat (D:1)
  4 endoplasms
  2 giant cockroaches
  A hobgoblin (D:2)
  7 jackals
  3 kobolds
  2 quokkas (D:2)
  A ball python (Sewer)
  6 frilled lizards
  5 goblins
  2 hobgoblin zombies (Ossuary)
  2 kobold zombies
  6 rats
55 creatures vanquished.

Notes
Turn   | Place    | Note
-------+----------+-------------------------------------------
     0 | D:1      | qw the Minotaur Hunter began the quest for the Orb.
     0 | D:1      | Reached XP level 1. HP: 18/18 MP: 0/0
     0 | D:1      | 0 ||| qw: Version: 0.2-a-117-gc6b5c8b
     0 | D:1      | 0 ||| qw: Game counter: 2432
     0 | D:1      | 0 ||| qw: Always use a shield: true
     0 | D:1      | 0 ||| qw: God list: Okawaru
     0 | D:1      | 0 ||| qw: Allow faded altars: false
     0 | D:1      | 0 ||| qw: Do Orc after D:15 true
     0 | D:1      | 0 ||| qw: Do second Lair branch before Depths: true
     0 | D:1      | 0 ||| qw: Lair rune preference: random
     0 | D:1      | 0 ||| qw: Plans: Normal
     0 | D:1      | 0 ||| PLANNING D:1-11
   346 | D:1      | Reached XP level 2. HP: 25/25 MP: 1/1
   523 | D:1      | 523 ||| UPGRADING to amulet of reflection.
   528 | D:1      | 528 ||| READING scroll labelled OROIGYRUTZADY.
   529 | D:1      | 529 ||| READING scroll labelled QEK LYWIKHAUPP.
   534 | D:1      | 534 ||| READING scroll labelled DUTTOI BAOVY.
   535 | D:1      | 535 ||| READING scroll labelled GOFEAM LUI.
   636 | D:1      | 636 ||| DROPPING scroll of butterflies.
   712 | D:2      | Reached skill level 5 in Ranged Weapons
   876 | D:2      | Reached skill level 3 in Fighting
   887 | D:2      | Reached XP level 3. HP: 31/31 MP: 2/2
  1383 | D:2      | Identified the +0 ring mail of Talas {Regen+ Str+3 Int-5}
  1398 | D:2      | 1398 ||| UPGRADING to +0 ring mail.
  1408 | D:2      | 1408 ||| DROPPING +0 leather armour.
  1409 | D:2      | 1409 ||| UPGRADING to +1 pair of gloves.
  1414 | D:2      | 1414 ||| READING scroll labelled XIN CUCHOVVU.
  1415 | D:2      | 1415 ||| READING scroll labelled BOTZIU WEEDITZ.
  1416 | D:2      | 1416 ||| READING scroll labelled HAIQIX ZOEBAFA.
  1417 | D:2      | 1417 ||| READING scroll labelled TAN WYURPHU.
  1467 | D:3      | 1467 ||| PLANNING SEWER
  1607 | D:3      | Reached skill level 1 in Armour
  1668 | D:3      | Found an ancient bone altar of Kikubaaqudgha.
  1680 | D:3      | Noticed Jessica
  1682 | D:3      | Killed Jessica
  1683 | D:3      | Reached XP level 4. HP: 38/38 MP: 3/3
  1705 | D:3      | Reached skill level 6 in Ranged Weapons
  1847 | D:3      | Found a runed translucent door.
  1848 | D:3      | Noticed Crazy Yiuf
  1908 | D:3      | Found a glowing drain.
  1917 | Sewer    | Entered a sewer
  1954 | Sewer    | Noticed Pargi
  1966 | Sewer    | Killed Pargi
  1967 | Sewer    | Reached XP level 5. HP: 42/48 MP: 4/4
  2033 | Sewer    | 2033 ||| Stepping ~*~*~tactically~*~*~ (water).
  2074 | Sewer    | 2074 ||| DRINKING 3 inky potions.
  2075 | Sewer    | 2075 ||| DRINKING 2 lumpy yellow potions.
  2090 | D:3      | 2090 ||| PLANNING D:1-11
  2532 | D:3      | 2532 ||| UPGRADING to ring of poison resistance.
  2574 | D:4      | 2574 ||| PLANNING OSSUARY
  2615 | D:4      | Found a sand-covered staircase.
  2697 | D:4      | 2697 ||| DRINKING 2 viscous green potions.
  2701 | Ossuary  | Entered an ossuary
  2804 | Ossuary  | 2804 ||| FLEEEEING.
  2805 | Ossuary  | 2805 ||| FLEEEEING.
  2806 | Ossuary  | 2806 ||| FLEEEEING.
  2807 | Ossuary  | 2807 ||| FLEEEEING.
  2820 | Ossuary  | Reached XP level 6. HP: 32/56 MP: 5/5
  2822 | Ossuary  | HP: 13/56 [mummy (8)]
  2823 | Ossuary  | 2823 ||| DRINKING 2 potions of heal wounds.
  2830 | Ossuary  | HP: 9/56 [mummy (13)]
  2831 | Ossuary  | 2831 ||| DRINKING potion of heal wounds.
  2835 | Ossuary  | HP: 9/56 [mummy (10)]
  2838 | Ossuary  | Slain by a mummy

Levels and vault maps discovered:
D:1:      evilmike_arrival_rings, layout_rooms, serial_curves, eino_curves_02,
          eino_curves_01, eino_curves_02, eino_curves_04
D:2:      layout_basic
D:3:      layout_loops_corners, lemuel_tele_altar, portal_sewer_entry_d,
          uniq_jessica, uniq_crazy_yiuf_cottage
D:4:      layout_gridville, nicolae_ossuary_entry_giza,
          kennysheep_generic_room_13, uniq_natasha, uniq_pikel
Ossuary:  ossuary_crypta

Skill      XL: |  1  2  3  4 |
---------------+-------------+-----
Ranged Weapons | 5 6 |  6.8
Fighting       | 3 5 |  5.1
Armour         | 1 |  1.2
Dodging        | |  2.1
Stealth        | |  0.7

Action                     |  1- 3 |  4- 6 || total
---------------------------+-------+-------++-------
   Fire: Shortbow          |    86 |   102 ||   188
    Use: Scroll            |     8 |       ||     8
         Potion            |       |     5 ||     5
 Armour: Leather armour    |     8 |       ||     8
         Ring mail         |     2 |    27 ||    29
  Dodge: Dodged            |    20 |    46 ||    66
  Block: Other             |     5 |    15 ||    20

Table legend:
 A = Non-vault XP
 B = Vault XP
 C = Vault XP percentage of total XP
 D = Non-vault monster count
 E = Vault monster count
 F = Vault count percentage of total count
                 A         B        C        D         E       F
            +---------+---------+-------+---------+---------+-------
      Total |     103 |     311 |  75.1 |      40 |      15 |  27.3
            +---------+---------+-------+---------+---------+-------
        D:1 |      13 |       0 |   0.0 |       9 |       0 |   0.0
        D:2 |      42 |       0 |   0.0 |      18 |       0 |   0.0
        D:3 |      42 |      50 |  54.3 |      11 |       2 |  15.4
        D:4 |       6 |      19 |  76.0 |       2 |       2 |  50.0
      Sewer |       0 |     160 | 100.0 |       0 |       5 | 100.0
    Ossuary |       0 |      82 | 100.0 |       0 |       6 | 100.0
            +---------+---------+-------+---------+---------+-------
